 Seeded DCSS version 0.29-a0-88-g03a7b78be7 (webtiles) character file.

Game seed: 154 (custom seed)

268 knot the Chopper (level 6, 47/47 HPs)
             Began as a Demonspawn Berserker on Feb 6, 2022.
             Was a Believer of Trog.
             Quit the game on level 3 of the Dungeon.
             The game lasted 00:03:02 (3422 turns).

knot the Chopper (Demonspawn Berserker)             Turns: 3422, Time: 00:03:03

Health: 47/47      AC:  3    Str: 18    XL:     6   Next: 0%
Magic:  6/6        EV: 14    Int: 10    God:    Trog [**....]
Gold:   156        SH:  0    Dex: 12    Spells: 5/5 levels left

rFire   . . .      SeeInvis .   g - +0 hunting sling (flame)
rCold   . . .      Faith    .   (no shield)
rNeg    . . .      Spirit   .   b - +0 animal skin
rPois   .          Reflect  .   (no helmet)
rElec   .          Harm     .   (no cloak)
rCorr   .          Rampage  .   (no gloves)
Will    .....                   j - +0 pair of boots
Stlth   +.........              (no amulet)
HPRegen 1.15/turn               (no ring)
MPRegen 0.10/turn               (no ring)

@: no status effects
A: claws 1, repulsion field 1, powered by death 1
a: Renounce Religion, Berserk, Trog's Hand


You were on level 3 of the Dungeon.
You worshipped Trog.
Trog was pleased with you.
You visited 1 branch of the dungeon, and saw 3 of its levels.

You collected 156 gold pieces.

Inventory:

Hand Weapons
 a - a +0 hand axe
 g - a +0 hunting sling of flaming (weapon)
Missiles
 f - 25 stones (quivered ammo)
Armour
 b - a +0 animal skin (worn)
 j - a +0 pair of boots (worn)
Scrolls
 c - 2 scrolls of identify {unknown}
 e - a scroll of fog {unknown}
 h - a scroll of enchant armour {unknown}
 i - a scroll of fear {unknown}
 m - a scroll of blinking {unknown}
Potions
 d - 2 potions of curing {unknown}
 k - a potion of cancellation {unknown}
 l - a potion of ambrosia {unknown}


   Skills:
 - Level 3.0 Fighting
 + Level 6.2 Axes
 - Level 1.7 Armour
 - Level 1.7 Dodging


You had 5 spell levels left.
You didn't know any spells.
Your spell library was empty.

Dungeon Overview and Level Annotations

Branches:
Dungeon (3/15)

Altars:
Yredelemnul

Annotations:
D:3 Natasha


Innate Abilities, Weirdness & Mutations

You have sharp fingernails.
You are surrounded by a mild repulsion field. (EV +2)
You regenerate a little health from kills.


Message History

You shoot a stone. The stone hits the kobold.
The stone burns the kobold.
You kill the kobold!
Trog accepts your kill.
No target in view!
No target in view!
No target in view!
No target in view!
No target in view!
f - 29 stones (gained 4)
Things that are here:
a +0 dagger; a kobold corpse
m - a scroll labelled VYGEMIKLOL No target in view!
Things that are here:
a +0 dagger; a kobold corpse
Found a stone staircase leading up.
A jackal comes into view.
You shoot a stone.
The stone hits the jackal but does no damage.
The jackal barks!
A jackal comes into view. x2
The jackal moves out of view.
You shoot a stone. The jackal barks!
The stone hits the jackal.
The stone burns the jackal.
You kill the jackal!
Trog accepts your kill.
Natasha, Servant of Life and Death comes into view.
She is carrying a wand of polymorph (10).
You have reached level 6!
Your demonic ancestry asserts itself...
You begin to radiate repulsive energy.
You shoot a stone.
Natasha hisses angrily.
The stone hits the jackal.
The stone burns the jackal.
The jackal is almost dead.
A jackal comes into view.
You shoot a stone. The stone hits the jackal.
The stone burns the jackal.
You kill the jackal!
Trog accepts your kill.
Are you sure you want to abandon this character and quit the game? (Confirm with "yes".)

. #......# # ####..(##
#.#.##.).# # .....h.
#.#.##.#.### ....(.
............. ...h.
.#.#.##.#)### #..(## #......#
# #.... ##.....# # #...#
##.).## #..@#########..##
######## #..........##.##
#......# ##.#######.##.#####
#.####.# ## #.......##.##
#.#.##.# #.#.##..#.#..
#......# #####.#.##...###.
##.#.##.######...........#.#.#
#..............##..#..#..##.##
#.........##..........#...####


You could see Natasha and a jackal.

Vanquished Creatures
  Sigmund (D:3)
  An orc wizard (D:3)
  2 adders (D:2)
  A gnoll (D:2)
  A worm (D:2)
  A dart slug (D:1)
  3 orcs (D:3)
  4 ball pythons
  2 endoplasms
  3 giant cockroaches
  4 goblins
  4 hobgoblins (D:2)
  6 jackals
  4 kobolds
  4 bats
  2 frilled lizards
  5 rats
48 creatures vanquished.

Notes
Turn   | Place    | Note
-------+----------+-------------------------------------------
     0 | D:1      | knot the Demonspawn Berserker began the quest for the Orb.
     0 | D:1      | Reached XP level 1. HP: 18/18 MP: 1/1
    19 | D:1      | Found a faded altar of an unknown god.
   301 | D:1      | Reached skill level 3 in Axes
   430 | D:1      | Gained mutation: You regenerate a little health from kills.
                  | [demonic ancestry]
   430 | D:1      | Reached XP level 2. HP: 20/24 MP: 2/2
  1233 | D:2      | Reached XP level 3. HP: 18/29 MP: 3/3
  1738 | D:2      | Reached skill level 4 in Axes
  2197 | D:2      | Reached ** piety under Trog
  2247 | D:2      | Gained mutation: You have sharp fingernails. [demonic
                  | ancestry]
  2247 | D:2      | Reached XP level 4. HP: 16/35 MP: 4/4
  2686 | D:2      | Found the +7 staff of the Meek {protect, meekguard}
  2802 | D:3      | Noticed Sigmund
  2958 | D:3      | Killed Sigmund
  2959 | D:3      | Reached skill level 6 in Axes
  2959 | D:3      | Reached XP level 5. HP: 41/41 MP: 5/5
  3275 | D:3      | Found a basalt altar of Yredelemnul.
  3419 | D:3      | Noticed Natasha
  3420 | D:3      | Gained mutation: You are surrounded by a mild repulsion
                  | field. (EV +2) [demonic ancestry]
  3420 | D:3      | Reached XP level 6. HP: 47/47 MP: 6/6
  3422 | D:3      | Quit the game

Illustrated notes

Levels and vault maps discovered:
D:1:      roderic_chinese_lattice_arrival, layout_basic,
          hellmonk_ecumenical_altar_zigzags, serial_bayou_crossing
D:2:      layout_basic, st_stairs_9, kennysheep_generic_room_4
D:3:      layout_loops_cross, mainiacjoe_overflow_small_starburst, uniq_sigmund,
          uniq_natasha

Skill      XL: |  1  2  3  4 |
---------------+-------------+-----
Axes           | 3 4 6 |  6.2
Fighting       | |  3.0
Armour         | |  1.7
Dodging        | |  1.7

Action                   |  1- 3 |  4- 6 || total
-------------------------+-------+-------++-------
Melee: Hand axe          |    55 |     3 ||    58
 Fire: Hunting sling     |    34 |    50 ||    84
Invok: Berserk           |     3 |     2 ||     5
       Trog's Hand       |       |     1 ||     1
 Stab: Sleeping          |     1 |       ||     1
Armor: Animal skin       |    23 |       ||    23
Dodge: Dodged            |    62 |     8 ||    70

Table legend: (Time is in decaauts)
 A = Elapsed time spent in this place.
 B = Non-inter-level travel time spent in this place.
 C = Inter-level travel time spent in this place.
 D = Time resting spent in this place.
 E = Time spent auto-exploring this place.
 F = Levels seen in this place.
 G = Mean time per level.
                   A        B        C        D        E       F      G
               +--------+--------+--------+--------+--------+-----+--------+
         Total |   3496 |   3421 |     75 |   1328 |   1730 |   3 | 1165.3 |
       Dungeon |   3496 |   3421 |     75 |   1328 |   1730 |   3 | 1165.3 |
               +--------+--------+--------+--------+--------+-----+--------+

Top non-repeatable levels by time:
     D:1: 1452 daAuts
     D:2: 1441 daAuts
     D:3: 602 daAuts
